cohdb
Replays
Latest Replays
All Replays
Popular Replays
Top Player Replays
Match Explorer
How It Works
Community
CoH3 Stats
Reddit
Sign in to upload your games and track your stats! →
Sign in with Steam
Match 41897995
Unlisted
Match 41897995
Overview
Messages
Build Orders
End
Vickers Machine Gun Team
Construct Section Command Post
Selects Canadian Shock Battlegroup
Selects Canadian Shock Battlegroup
Dingo Light Scout Car
Dingo Light Scout Car
Selects Attacking Spirit
Selects Canadian Shock Section
Canadian Shock Section
Construct Platoon Command Post
Unlock Bishop Self-propelled Artillery
Selects Incendiary Munitions
Canadian Shock Section
Infantry Training
Bishop Self-propelled Artillery
CMP 15cwt Truck
Canadian Shock Section
Selects Pyrotechnics
Bishop Self-propelled Artillery
Light Vehicle Training
Construct Field Infirmary
Forward Retreat Point
Selects Smoke Operation
Smoke Operation
Construct Company Command Post
Unlock M3 Grant Medium Tanks
M3 Grant Medium Tank
Smoke Operation
ww26282006
blackpanther989
John (mAsi) Vitutus
GODOKGAME
Stepan Pantera
GhostLegion
starlight
Voodoo408
0
0
Comments
sign in to comment!
No comments posted yet!